 Dungeon Crawl Stone Soup version 0.17.1-2-g5865329 (webtiles) character file.

8182 Gaanata the Protected (level 11, -1/130 HPs)
             Began as a Demonspawn Berserker on Mar 15, 2016.
             Was an Elder of Trog.
             Killed by divine providence
             ... invoked by an orc priest
              (13 damage)
             ... on level 10 of the Dungeon.
             The game lasted 00:55:04 (8877 turns).

Gaanata the Protected (Demonspawn Berserker)        Turns: 8877, Time: 00:55:04

Health: -1/130     AC: 18    Str: 31    XL:     11   Next: 6%
Magic:  11/11      EV:  9    Int: 12    God:    Trog [****..]
Gold:   586        SH:  0    Dex: 12    Spells: 0 memorised, 10 levels left

rFire  . . .     SeeInvis +     x - +2 whip (vamp)
rCold  . . .     Clarity  .     J - +0 plate armour
rNeg   . . .     SustAt   .     (no shield)
rPois  .         Gourm    .     E - +1 helmet {Int+3}
rElec  .         Spirit   .     (no cloak)
rCorr  .         Warding  .     (no gloves)
rMut   .         Stasis   .     l - +0 pair of boots
MR     ++...                    (no amulet)
Stlth  ..........               u - ring of see invisible
                                F - +5 ring of strength

@: berserking, regenerating, very quick, very resistant to hostile enchantments,
extremely unstealthy
A: claws 1, powered by death 3, powered by pain 1
a: Berserk, Trog's Hand, Brothers in Arms, Burn Spellbooks, Renounce Religion


You were on level 10 of the Dungeon.
You worshipped Trog.
Trog was greatly pleased with you.
You were not hungry.

You visited 2 branches of the dungeon, and saw 11 of its levels.

You collected 586 gold pieces.

Inventory:

Hand Weapons
 x - a +2 vampiric whip (weapon)
Armour
 l - a +0 pair of boots (worn)
 E - a +1 helmet of intelligence (worn)
 J - a +0 plate armour (worn)
Jewellery
 g - an uncursed ring of poison resistance
 u - a ring of see invisible (right claw)
 F - a +5 ring of strength (left claw)
 P - an uncursed ring of positive energy {unknown}
Wands
 p - a wand of random effects (33)
 A - a wand of polymorph (10)
 G - a wand of magic darts (18)
 S - a wand of slowing (20)
Scrolls
 a - a scroll of fog {unknown}
 b - a scroll of recharging {unknown}
 d - 5 scrolls of teleportation
 e - 2 scrolls of enchant armour {unknown}
 j - 2 scrolls of remove curse
 k - 2 scrolls of identify
 m - 3 scrolls of blinking
 o - a scroll of amnesia {unknown}
 t - 4 scrolls of magic mapping
 y - 2 scrolls of immolation {unknown}
 C - 2 scrolls of random uselessness {unknown}
 K - a scroll of vulnerability {unknown}
 M - 2 scrolls of enchant weapon {unknown}
 R - a scroll of fear
Potions
 f - 3 potions of flight {unknown}
 h - a potion of magic
 i - a potion of ambrosia
 n - a potion of degeneration {unknown}
 q - 2 potions of agility
 r - 3 potions of invisibility
 s - 2 potions of haste
 v - 2 potions of lignification
 w - 2 potions of poison
 z - a potion of mutation {unknown}
 D - a potion of beneficial mutation {unknown}
 H - a potion of brilliance {unknown}
 L - a potion of might {unknown}
 O - a potion of curing {unknown}
 Q - a potion of heal wounds {unknown}
Comestibles
 c - 12 bread rations
 B - 21 fruits
 I - 5 meat rations
 N - 2 beef jerkies


   Skills:
 * Level 8.6 Fighting
 * Level 9.2 Maces & Flails
 * Level 9.8 Armour
 - Level 1.7 Dodging
 * Level 4.9 Unarmed Combat


You had 10 spell levels left.
You didn't know any spells.

Dungeon Overview and Level Annotations

Branches:
Dungeon (10/15)            Temple (1/1) D:5
   Lair: D:8-11         Orc: D:9-12

Altars:
Dithmenos
Elyvilon
Fedhas
Gozag
Kikubaaqudgha
Makhleb
Nemelex Xobeh
Okawaru
Qazlal
Ru
Trog
Xom
Yredelemnul
Zin
The Shining One

Shops:
D:6 (   D:10 =


Innate Abilities, Weirdness & Mutations

You have sharp fingernails.
You regenerate a lot of health from kills.
You sometimes gain a little power by taking damage.


Message History

You fail to use your ability.
The orc warrior hits you but does no damage.
Your skin crawls.
You feel resistant to hostile enchantments.
You feel slightly more hungry.
The orc warrior hits you but does no damage.
The orc priest miscasts a cantrip.
You hit the orc warrior but do no damage.
The orc warrior is moderately wounded.
The orc warrior hits you with a mace!
* * * LOW HITPOINT WARNING * * *
A red film seems to cover your vision as you go berserk!
You feel yourself moving faster!
You feel mighty!
You feel somewhat more hungry.
Your plate armour prevents you from hitting the orc warrior.
The orc warrior is moderately wounded.
The orc warrior closely misses you.
The orc priest calls down the wrath of Beogh upon you.
Something smites you!
You die...

... ...... .. .....
####.##...###.
.....#.
#.............
......
#............
###..... #........#
........ #....ooy.#
......(. ######o###
..........
##@######.......>..
#..................
#...........#####..
#.....##...# ##.
#.....##...# #.
#......#...# #####.
#.....>....###.....
#.....##.).##......
##.#####...........


You could see an orc warrior, a wasp and 2 orc priests.

Vanquished Creatures
  A tengu warrior (D:9)
  A hill giant (D:10)
  An unseen horror (D:10)
  Pikel (D:5)
  A two-headed ogre (D:10)
  Grinder (D:5)
  Sigmund (D:5)
  A deep elf mage (D:10)
  A wraith (D:6)
  A black bear (D:10)
  A sky beast (D:10)
  5 orc warriors
  2 centaurs
  An eye of draining (D:4)
  3 phantoms
  4 giant frogs
  8 ogres
  The ghost of aldrin12 the Magician, an amateur DEEE of Vehumet (D:3)
  A scorpion (D:6)
  2 jellies
  2 crimson imps
  A centaur zombie (D:5)
  4 hounds
  2 giant frog zombies
  5 orc priests
  A centaur skeleton (D:7)
  5 orc wizards
  11 worker ants
  Natasha (thrice) (D:4)
  An iguana (D:5)
  14 adders
  3 gnolls (D:3)
  A worker ant zombie (D:8)
  2 adder skeletons
  A worm (D:2)
  5 giant geckos
  20 orcs
  2 bats
  6 giant cockroaches
  7 hobgoblins
  6 jackals
  6 quokkas
  A ball python (D:2)
  12 giant newts
  14 goblins
  9 kobolds
  A quokka skeleton (D:6)
  10 rats
193 creatures vanquished.

Vanquished Creatures (collateral kills)
  Gastronok (D:8)
  Erica (D:8)
  A black bear (D:8)
  A big kobold (D:9)
  A killer bee (D:9)
  2 crimson imps
  2 orc wizards (D:8)
  An iguana (D:8)
  An adder zombie (D:8)
  An orc (D:8)
12 creatures vanquished.

Vanquished Creatures (others)
  A killer bee zombie (D:9)
  A worker ant (D:5)
2 creatures vanquished.

Grand Total: 207 creatures vanquished

Notes
Turn   | Place    | Note
--------------------------------------------------------------
     0 | D:1      | Gaanata the Demonspawn Berserker began the quest for the Orb.
     0 | D:1      | Reached XP level 1. HP: 18/18 MP: 1/1
   347 | D:1      | Gained mutation: You regenerate a little health from kills. [demonic ancestry]
   347 | D:1      | Reached XP level 2. HP: 22/24 MP: 2/2
   561 | D:1      | Reached ** piety under Trog
   712 | D:2      | Gained mutation: You sometimes gain a little power by taking damage. [demonic ancestry]
   712 | D:2      | Reached XP level 3. HP: 29/29 MP: 3/3
   802 | D:2      | Found a sparkling altar of Nemelex Xobeh.
  1448 | D:2      | Gained mutation: You have sharp fingernails. [demonic ancestry]
  1448 | D:2      | Reached XP level 4. HP: 37/37 MP: 4/4
  1628 | D:3      | Noticed aldrin12's ghost (amateur DEEE)
  1633 | D:3      | Killed aldrin12's ghost
  1633 | D:3      | Reached skill level 4 in Fighting
  1633 | D:3      | Gained mutation: You regenerate health from kills. [demonic ancestry]
  1633 | D:3      | Reached XP level 5. HP: 42/42 MP: 5/5
  1695 | D:3      | Noticed a giant frog
  1720 | D:3      | Killed a giant frog
  1720 | D:3      | Reached *** piety under Trog
  1844 | D:3      | Found a glowing silver altar of Zin.
  2155 | D:3      | Reached skill level 1 in Unarmed Combat
  2155 | D:3      | Reached XP level 6. HP: 45/49 MP: 6/6
  2232 | D:3      | Found a sacrificial altar of Ru.
  2775 | D:4      | Noticed Natasha
  2783 | D:4      | Killed Natasha
  2784 | D:4      | Found a burning altar of Makhleb.
  2784 | D:4      | Noticed a cacodemon
  2810 | D:4      | Noticed Natasha
  2813 | D:4      | Killed Natasha
  2837 | D:4      | Found a bloodstained altar of Trog.
  2866 | D:4      | Gained mutation: You regenerate a lot of health from kills. [demonic ancestry]
  2866 | D:4      | Reached XP level 7. HP: 55/55 MP: 0/7
  3363 | D:4      | Noticed Natasha
  3367 | D:4      | Killed Natasha
  3616 | D:5      | Entered Level 5 of the Dungeon
  3661 | D:5      | Found a shadowy altar of Dithmenos.
  3688 | D:5      | Reached skill level 5 in Fighting
  3801 | D:5      | Reached skill level 5 in Maces & Flails
  3804 | D:5      | Reached skill level 5 in Armour
  3805 | D:5      | Reached **** piety under Trog
  3836 | D:5      | Found a staircase to the Ecumenical Temple.
  3845 | Temple   | Entered the Ecumenical Temple
  4005 | D:5      | Found a stormy altar of Qazlal.
  4007 | D:5      | Noticed an air elemental
  4008 | D:5      | Noticed a water elemental
  4008 | D:5      | Noticed a fire elemental
  4079 | D:5      | Found a glowing golden altar of the Shining One.
  4149 | D:5      | Noticed Grinder
  4149 | D:5      | Paralysed by Grinder for 4 turns
  4155 | D:5      | Reached XP level 8. HP: 63/63 MP: 8/8
  4157 | D:5      | Paralysed by Grinder for 4 turns
  4185 | D:5      | Paralysed by Grinder for 5 turns
  4200 | D:5      | Paralysed by Grinder for 5 turns
  4207 | D:5      | Killed Grinder
  4330 | D:5      | Noticed Pikel
  4376 | D:5      | Killed Pikel
  4376 | D:5      | Reached skill level 6 in Fighting
  4411 | D:5      | Noticed Sigmund
  4633 | D:5      | Killed Sigmund
  4731 | D:5      | Reached XP level 9. HP: 71/71 MP: 9/9
  5476 | D:6      | Reached skill level 7 in Fighting
  5886 | D:6      | Reached ***** piety under Trog
  6031 | D:6      | Found Urhocam's Antique Weapon Shop.
  6291 | D:7      | Found an ancient bone altar of Kikubaaqudgha.
  6838 | D:7      | Found an iron altar of Okawaru.
  7043 | D:8      | Found a white marble altar of Elyvilon.
  7185 | D:8      | Noticed Erica
  7203 | D:8      | Killed Erica
  7203 | D:8      | Reached skill level 8 in Armour
  7203 | D:8      | Reached XP level 10. HP: 55/80 MP: 10/10
  7294 | D:8      | Found a blossoming altar of Fedhas.
  7348 | D:8      | Noticed Gastronok
  7366 | D:8      | Killed Gastronok
  7477 | D:8      | Found an opulent altar of Gozag.
  7834 | D:9      | Noticed a tengu warrior
  7851 | D:9      | Got a dazzling short sword
  7884 | D:9      | Killed a tengu warrior
  7884 | D:9      | Reached skill level 9 in Armour
  8152 | D:9      | Found a shimmering altar of Xom.
  8280 | D:9      | Found a basalt altar of Yredelemnul.
  8525 | D:10     | Entered Level 10 of the Dungeon
  8525 | D:10     | Found Tuor's Jewellery Emporium.
  8662 | D:10     | Noticed a hill giant
  8695 | D:10     | Killed a hill giant
  8742 | D:10     | Noticed an unseen horror
  8812 | D:10     | Killed an unseen horror
  8812 | D:10     | Reached XP level 11. HP: 71/87 MP: 11/11
  8877 | D:10     | Killed from afar by an orc priest

Action                   |  1- 3 |  4- 6 |  7- 9 | 10-12 || total
-------------------------+-------+-------+-------+-------++-------
Melee: Mace              |   131 |    46 |       |       ||   177
       Whip              |       |   129 |   700 |   306 ||  1135
Invok: Berserk           |     2 |     1 |    14 |     5 ||    22
       Brothers in Arms  |       |       |     2 |     4 ||     6
       Burn Spellbooks   |       |       |     1 |     2 ||     3
       Trog's Hand       |       |       |       |     3 ||     3
  Use: Scroll            |     1 |     1 |     9 |     1 ||    12
 Stab: Distracted        |       |       |       |     1 ||     1
  Eat: Chunk             |     4 |     2 |    22 |     4 ||    32
       Meat ration       |       |     1 |     2 |     1 ||     4
       Pizza             |       |     1 |       |       ||     1
       Beef jerky        |       |     1 |       |       ||     1
